 Dungeon Crawl Stone Soup version 0.23.2-40-g277498a001 (webtiles) character file.

Game seed: 5486739223820946974

37 Amplified the Firebug (level 3, -2/21 HPs)
             Began as a Gargoyle Fire Elementalist on Sept 19, 2019.
             Slain by an adder (3 damage)
             ... on level 2 of the Dungeon.
             The game lasted 00:02:06 (1050 turns).

Amplified the Firebug (Gargoyle Fire Elementalist)  Turns: 1050, Time: 00:02:07

Health: -2/21      AC:  6    Str: 12    XL:     3   Next: 39%
Magic:  2/6        EV: 11    Int: 15    God:
Gold:   83         SH:  0    Dex: 10    Spells: 5/6 levels left

rFire    . . .     SeeInvis .   e - +1 club
rCold    . . .     Gourm    .   (no shield)
rNeg     + . .     Faith    .   j - +0 leather armour {rPois}
rPois    ∞         Spirit   .   (no helmet)
rElec    +         Reflect  .   (no cloak)
rCorr    .         Harm     .   (no gloves)
MR       .....                  (no boots)
Stlth    ++........             (no amulet)
HPRegen  0.07/turn              (no ring)
MPRegen  0.10/turn              (no ring)

@: no status effects
A: negative energy resistance 1, electricity resistance, unbreathing,
petrification resistance, rot immunity, AC +3
a: no special abilities


You were on level 2 of the Dungeon.
You were not hungry.

You visited 1 branch of the dungeon, and saw 2 of its levels.

You collected 83 gold pieces.

Inventory:

Hand Weapons
 e - a +1 club (weapon)
Armour
 a - a +0 robe
 j - a +0 leather armour of poison resistance (worn)
Scrolls
 d - a scroll of remove curse
 g - a scroll of magic mapping
Comestibles
 c - 3 rations
 k - 4 chunks of flesh


   Skills:
 * Level 1.6 Fighting
 * Level 1.3 Maces & Flails
 * Level 1.8 Armour
 - Level 1.5 Dodging
 - Level 2.1 Stealth
 - Level 2.0 Spellcasting
 - Level 1.1 Conjurations
 - Level 3.0 Fire Magic


You had 5 spell levels left.
You knew the following spells:

 Your Spells              Type           Power        Failure   Level  Hunger
a - Flame Tongue          Conj/Fire      #....        12%         1    #......

Your spell library contained the following spells:

 Spells                   Type           Power        Failure   Level  Hunger
 Throw Flame              Conj/Fire      #.....       19%         2    ###....
 Conjure Flame            Conj/Fire      #.......     36%         3    ###....
 Inner Flame              Hex/Fire       #.......     41%         3    ###....
 Sticky Flame             Conj/Fire      #.......     77%         4    #####..
 Fireball                 Conj/Fire      #.........   98%         5    ######.


Dungeon Overview and Level Annotations

Branches:
Dungeon (2/15)

Altars:


Innate Abilities, Weirdness & Mutations

You are resistant to torment.
Your stone body is resilient. (AC +3)
You are immune to poison.
You resist negative energy. (rN+)
You are resistant to electric shocks. (rElec)
You can survive without breathing.
You are immune to petrification.
You are immune to rotting.


Message History

The flame tongue misses the adder.
The adder bites you.
* * * LOW HITPOINT WARNING * * *
Casting: Flame Tongue (safe; 12% risk of failure)
Confirm with . or Enter, or press ? or * to list all spells.
Aiming: Flame Tongue (safe; 12% risk of failure)
Press: ? - help, Shift-Dir - straight line, f/p - adder
Aim: an adder The flame tongue hits the adder.
The adder is lightly wounded.
The bat barely misses you. The adder barely misses you.
Casting: Flame Tongue (safe; 12% risk of failure)
Confirm with . or Enter, or press ? or * to list all spells.
Aiming: Flame Tongue (safe; 12% risk of failure)
Press: ? - help, Shift-Dir - straight line, f/p - adder
Aim: an adder (lightly wounded)
The flame tongue hits the adder.
The adder is severely wounded.
The bat closely misses you. The adder bites you but does no damage.
The adder bites you.
You die...

.#######...###### .#
#w..# .# #...# ##
####...# #####......#
.......#...#
§####..#####
§####..#### #######...
§§§§§..##w## #.@S....#
§§#§#..#.#.####.#####.#
(.#§...?###...#.####
.§....w#.#.##.b....#
...##.###.# ###.##.#
###...# #.# #... ..
#.### # # ##......# #.#
.#.##g# .## .#.# #


You could see an adder and a bat.

Vanquished Creatures
  An ooze (D:2)
  A leopard gecko (D:2)
  3 giant cockroaches (D:2)
  2 hobgoblins
  5 kobolds
  7 bats (D:1)
  3 frilled lizards
  6 goblins
  2 rats (D:1)
30 creatures vanquished.

Notes
Turn   | Place    | Note
-------+----------+-------------------------------------------
     0 | D:1      | Amplified the Gargoyle Fire Elementalist began the quest
                  | for the Orb.
     0 | D:1      | Reached XP level 1. HP: 10/10 MP: 3/3
   244 | D:1      | Reached skill level 1 in Armour
   244 | D:1      | Reached XP level 2. HP: 15/16 MP: 5/5
   303 | D:1      | Reached skill level 1 in Fighting
   737 | D:1      | Reached skill level 1 in Maces & Flails
   911 | D:2      | Reached XP level 3. HP: 20/20 MP: 6/6
  1048 | D:2      | HP: 1/21 [adder (3)]
  1050 | D:2      | Slain by an adder

Skill      XL: |  1  2 |
---------------+-------+-----
Armour         | 1 |  1.8
Fighting       | 1 |  1.6
Maces & Flails | 1 |  1.3
Dodging        | |  1.5
Stealth        | |  2.1
Spellcasting   | |  2.0
Conjurations   | |  1.1
Fire Magic     | |  3.0

Action                   || total
-------------------------++-------
Melee: Club              ||   117
       Unarmed           ||    10
Throw: Throwing net      ||     1
 Cast: Flame Tongue      ||    12
  Use: Scroll            ||     6
 Stab: Sleeping          ||     1
  Eat: Chunk             ||     1
Armor: Robe              ||    22
       Leather armour    ||    54
Dodge: Dodged            ||   129
